 Dungeon Crawl Stone Soup version 0.30.1-4-g462c640d31 (webtiles) character file.

Game seed: 3811127847577876203

189 Wiggles the Chopper (level 5, 0/70 HPs)
             Began as a Minotaur Berserker on Aug 15, 2023.
             Was a Priest of Trog.
             Slain by Pikel
             ... wielding a +1 whip of freezing
              (1 damage)
             ... on level 5 of the Dungeon.
             The game lasted 00:03:19 (2304 turns).

Wiggles the Chopper (Minotaur Berserker)            Turns: 2304, Time: 00:03:20

Health: 0/70       AC:  9    Str: 24    XL:     5   Next: 40%
Magic:  4/4        EV:  6    Int:  4    God:    Trog [***...]
Gold:   143        SH:  0    Dex:  9    Spells: 4/4 levels left

rFire   . . .        a - +0 hand axe
rCold   . . .        (no shield)
rNeg    . . .        i - +0 chain mail
rPois   .            (helmet restricted)
rElec   .            (no cloak)
rCorr   .            (no gloves)
SInv    +            (no boots)
Will    .....        (no amulet) Stlth
                     m - ring of see invisible
HPRegen 0.31/turn    (no ring)
MPRegen 0.09/turn

%: no passive effects
@: berserking, grasped by roots, constricted, very quick
A: horns 2, retaliatory headbutt
a: Renounce Religion, Berserk, Trog's Hand


You were on level 5 of the Dungeon.
You worshipped Trog.
Trog was most pleased with you.
You visited 1 branch of the dungeon, and saw 4 of its levels.

You collected 143 gold pieces.

Inventory:

Hand Weapons
 a - a +0 hand axe (weapon)
Armour
 i - a +0 chain mail (worn)
Jewellery
 m - a ring of see invisible (left hand)
Scrolls
 d - a scroll of fog {unknown}
 e - 3 scrolls of identify {unknown}
 g - a scroll of teleportation {unknown}
 n - a scroll of blinking {unknown}
 o - a scroll of enchant armour {unknown}
Potions
 b - 2 potions of haste {unknown}
 c - a potion of attraction {unknown}
 f - a potion of degeneration {unknown}
 h - 2 potions of resistance {unknown}
 j - a potion of heal wounds {unknown}
 k - 2 potions of flight {unknown}
 l - 5 potions of curing {unknown}
 p - a potion of cancellation {unknown}


   Skills:
 + Level 4.8 Fighting
 + Level 5.9 Axes
 + Level 3.5 Armour
 + Level 2.6 Dodging


You had 4 spell levels left.
You didn't know any spells.
Your spell library was empty.

Dungeon Overview and Level Annotations

Branches:
Dungeon (3/15)

Altars:
Ashenzari

Annotations:
D:5 Pikel


Innate Abilities, Weirdness & Mutations

You have a pair of horns on your head.
You reflexively headbutt those who attack you in melee.


Message History

A red film seems to cover your vision as you go berserk!
You feel yourself moving faster!
You feel mighty! Pikel waves his whip at you.
Pikel hits you but does no damage. The grasping roots constrict you.
You hit Pikel. Your headbutt misses Pikel.
Pikel is lightly wounded.
You slash Pikel! Your headbutt misses Pikel.
Pikel is heavily wounded.
Pikel hits you with a +1 whip of freezing.
Pikel freezes you. The grasping roots constrict you.
A lemure comes into view.
The grasping roots release their grip on you.
You slash Pikel! Your headbutt misses Pikel.
Pikel is severely wounded.
Pikel zaps a wand.
The roots erupt in riotous growth!
The grasping roots grab you!
Pikel is unaffected.
The now-empty wand crumbles to dust.
The grasping roots constrict you.
* * * LOW HITPOINT WARNING * * *
A lemure comes into view.
You slash Pikel!
Pikel is almost dead.
You closely miss Pikel.
Pikel is almost dead.
Pikel hits you with a +1 whip of freezing.
* * * LOW HITPOINT WARNING * * *
Pikel freezes you.
* * * LOW HITPOINT WARNING * * *
The grasping roots constrict you.
* * * LOW HITPOINT WARNING * * *
You completely miss Pikel. Your headbutt misses Pikel.
Pikel is almost dead.
You hit the lemure. You barely miss Pikel.
Pikel is almost dead.
You slash the lemure!
Pikel hits you with a +1 whip of freezing.
* * * LOW HITPOINT WARNING * * *
Pikel freezes you.
You die...

. ... #####
.....#####5..##
8...
#.....@K5..##
....
###.####....#
....
#..#...#...##
#...
....#...#....#
#..
..###.....###.##
#.# #.. ⌠.##+#.
#..### ##.# ...
? .. #....###..#
.# ...
##.#..#...# ...
...#..#...#


You could see Pikel and 2 lemures.

Vanquished Creatures
  A lemure (D:5)
  Jessica (D:2)
  Terence (D:2)
  Robin (D:2)
  3 adders
  3 dart slugs
  4 ball pythons
  3 bats (D:2)
  8 endoplasms
  3 giant cockroaches
  13 goblins
  11 hobgoblins
  8 jackals
  5 quokkas
  4 frilled lizards
  7 kobolds
  8 rats
84 creatures vanquished.

Notes
Turn   | Place    | Note
-------+----------+-------------------------------------------
     0 | D:1      | Wiggles the Minotaur Berserker began the quest for the Orb.
     0 | D:1      | Reached XP level 1. HP: 19/19 MP: 0/0
   122 | D:1      | Reached skill level 4 in Axes
   122 | D:1      | Reached XP level 2. HP: 19/27 MP: 1/1
   594 | D:1      | Reached ** piety under Trog
   595 | D:1      | Reached XP level 3. HP: 32/33 MP: 2/2
  1048 | D:2      | Noticed Robin
  1060 | D:2      | Killed Robin
  1164 | D:2      | Reached XP level 4. HP: 41/41 MP: 3/3
  1274 | D:2      | Noticed Terence
  1278 | D:2      | Killed Terence
  1279 | D:2      | Reached skill level 5 in Axes
  1354 | D:2      | Noticed Jessica
  1358 | D:2      | Killed Jessica
  1411 | D:2      | Reached XP level 5. HP: 47/47 MP: 4/4
  1539 | D:2      | Reached *** piety under Trog
  2185 | D:3      | Found a faded altar of an unknown god.
  2244 | D:3      | You fall into a shaft and drop 2 floors!
  2244 | D:5      | Entered Level 5 of the Dungeon
  2267 | D:5      | Found a broken altar of Ashenzari.
  2267 | D:5      | Noticed a lemure
  2290 | D:5      | Killed a lemure
  2294 | D:5      | Noticed Pikel
  2299 | D:5      | Noticed a lemure
  2300 | D:5      | Noticed a lemure
  2304 | D:5      | HP: 1/70 [Pikel/+1 whip of freezing (4)]
  2304 | D:5      | Slain by Pikel

Illustrated notes

Levels and vault maps discovered:
D:1:      minmay_arrival_open_corners, layout_basic
D:2:      minmay_razor_zed, layout_basic, uniq_terence, uniq_jessica, uniq_robin
D:3:      layout_loops_ring, mainiacjoe_overflow_small_starburst,
          dreamdust_ecumenical_altar_hidden_monk_grotto
D:5:      layout_cave_pods, evilmike_ruin_ashenzari, serial_shops, shop,
          kennysheep_pointless_box, corexii_leaking_fountain,
          nicolae_shop_i_like_big_books, minmay_fountain_box,
          amcnicky_mini_pool_small, kennysheep_flooded_box, solitary_fountain,
          st_stairs_14, chequers_jeans, chequers_serial_rivers_large_b,
          uniq_grinder, uniq_pikel

Skill      XL: |  1  2  3  4 |
---------------+-------------+-----
Axes           | 4 5 |  5.9
Fighting       | 4 |  4.8
Armour         | 3 |  3.5
Dodging        | |  2.6

Action                     |  1- 3 |  4- 6 || total
---------------------------+-------+-------++-------
  Melee: Hand axe          |    70 |    89 ||   159
         Headbutt          |     9 |    12 ||    21
         Punch             |       |     1 ||     1
 Invoke: Berserk           |     1 |     2 ||     3
 Armour: Animal skin       |     2 |       ||     2
         Chain mail        |    37 |    46 ||    83
  Dodge: Dodged            |    41 |    49 ||    90
